[Event "Titled Tuesday Blitz March 22 Late 2022"]
[White "Sliwicki, Damian"]
[Black "Kostiukov, Alexandr"]
[WhiteFideId "1127128"]
[BlackFideId "14108100"]
[WhiteElo "2067"]
[BlackElo "2202"]
[Result "1-0"]
[Round "11"]
[TimeControl "180+1"]
[Date "2022.03.22"]
[WhiteClock "0:01:07"]
[BlackClock "0:00:02"]

1. e4 c5 2. Nf3 g6 3. d4 cxd4 4. Qxd4 Nf6 5. Nc3 Nc6 6. Qa4 d6 7. e5 dxe5 8. Nxe5 Bg7 9. Bb5 O-O 10. Nxc6 bxc6 11. Bxc6 Bd7 12. Bxd7 Nxd7 13. O-O Nb6 14. Qh4 Qc7 15. Bh6 Bxc3 16. bxc3 Rfe8 17. Rae1 Nd5 18. c4 Nf6 19. Re3 Nh5 20. Rfe1 e6 21. g4 Qxc4 22. Re4 Qc3 23. gxh5 Rad8 24. Re5 Qf3 25. R5e3 Qf5 26. Qg5 Qxg5+ 27. Bxg5 Rd5 28. Re5 Rxe5 29. Rxe5 gxh5 30. Bf6 Rc8 31. Ra5 Rc7 32. c4 h6 33. Rxh5 Kh7 34. Ra5 Kg6 35. Be5 Rxc4 36. Rxa7 Rc1+ 37. Kg2 Rc5 38. Bd4 Rg5+ 39. Kf1 Rd5 40. Be3 Rd1+ 41. Kg2 f5 42. Ra6 Kf7 43. Bxh6 e5 44. a4 f4 45. a5 Ra1 46. h4 1-0


[Site "https://www.chess.com"]

[Event "Titled Tuesday Blitz March 22 Late 2022"]
[White "Spata, German"]
[Black "Adewumi, Tanitoluwa"]
[WhiteFideId "113026"]
[BlackFideId "30966396"]
[WhiteElo "2238"]
[BlackElo "2538"]
[Result "0-1"]
[Round "11"]
[TimeControl "180+1"]
[Date "2022.03.22"]
[WhiteClock "0:00:01"]
[BlackClock "0:00:03"]

1. Nf3 Nf6 2. b3 d6 3. d4 Bg4 4. e3 Nbd7 5. Be2 c6 6. O-O e5 7. dxe5 dxe5 8. Bb2 Bxf3 9. Bxf3 Qc7 10. c4 O-O-O 11. Nc3 Bd6 12. g3 Rhe8 13. Qc2 Nc5 14. b4 Ne6 15. c5 Bf8 16. Rad1 Rxd1 17. Rxd1 Rd8 18. Rxd8+ Qxd8 19. Ne4 Nd7 20. Bg4 Qe8 21. Qd2 g6 22. Nd6+ Bxd6 23. Qxd6 f5 24. Be2 e4 25. Bc4 Ng5 26. b5 cxb5 27. Bxb5 Qe6 28. Bxd7+ Qxd7 29. Qf8+ Kc7 30. Be5+ Kc6 31. Qf6+ Ne6 32. Bd6 b6 33. Bf8 bxc5 34. a4 Qd1+ 35. Kg2 Qd7 36. Kg1 c4 37. Bb4 a6 38. Bc3 Kc7 39. Be5+ Kc6 40. Qh8 Qd1+ 41. Kg2 Qf3+ 42. Kg1 Qd1+ 43. Kg2 Qd7 44. Qa8+ Qb7 45. Qe8+ Qd7 46. Qa8+ Kc5 47. Qxa6 Qc6 48. Bd4+ Nxd4 49. exd4+ Kd5 50. Qa5+ Kxd4 51. Qd2+ Ke5 52. Qc3+ Ke6 53. a5 e3+ 54. Kf1 exf2 55. Kxf2 Qc5+ 56. Ke2 Kd5 57. a6 Qe7+ 58. Qe3 Qb4 59. Qf3+ Kc5 60. Qe3+ Kb5 61. a7 Qb2+ 62. Kf3 Qxh2 63. a8=Q Qh1+ 64. Kf4 Qxa8 65. Qe8+ Qxe8 66. Kg5 c3 0-1


[Site "https://www.chess.com"]

[Event "Titled Tuesday Blitz March 22 Late 2022"]
[White "Stanisz, Patryk"]
[Black "Burke, Paul"]
[WhiteFideId "1123106"]
[BlackFideId "2605767"]
[WhiteElo "1876"]
[BlackElo "1927"]
[Result "1-0"]
[Round "11"]
[TimeControl "180+1"]
[Date "2022.03.22"]
[WhiteClock "0:01:42"]
[BlackClock "0:00:17"]

1. Nf3 a6 2. c4 d6 3. Nc3 g6 4. d4 Nd7 5. g3 Bg7 6. Bg2 h6 7. O-O e6 8. Rb1 Ne7 9. e4 O-O 10. Be3 Rb8 11. Qd2 Kh7 12. Rfe1 b6 13. a3 Bb7 14. b4 Nf6 15. Qd3 d5 16. cxd5 exd5 17. e5 Ne4 18. Nd2 Nxc3 19. Qxc3 Nf5 20. Nb3 Nxe3 21. Qxe3 Qd7 22. Rbc1 c6 23. f4 Rbe8 24. a4 f6 25. a5 fxe5 26. fxe5 Qc7 27. Qc3 Qf7 28. Rf1 Qe7 29. axb6 Rxf1+ 30. Rxf1 Qg5 31. Rf7 Re7 32. Rxe7 Qxe7 33. Nc5 Bc8 34. h4 h5 35. Qf3 Bh6 36. Kh2 Qd8 37. b7 Bf5 38. Nxa6 1-0


[Site "https://www.chess.com"]

[Event "Titled Tuesday Blitz March 22 Late 2022"]
[White "Swicarz, Maciej"]
[Black "Milosevic, Milos"]
[WhiteFideId "1113585"]
[BlackFideId "964875"]
[WhiteElo "2057"]
[BlackElo "2237"]
[Result "0-1"]
[Round "11"]
[TimeControl "180+1"]
[Date "2022.03.22"]
[WhiteClock "0:00:07"]
[BlackClock "0:01:11"]

1. e4 c5 2. Nc3 e5 3. Bc4 d6 4. d3 Nc6 5. a4 Nf6 6. f4 exf4 7. Bxf4 Be6 8. Bxe6 fxe6 9. Nf3 Be7 10. O-O d5 11. exd5 exd5 12. Nb5 O-O 13. Nc7 Nh5 14. Ne6 Qc8 15. Nxf8 Nxf4 16. Qd2 Qxf8 17. Rae1 Bd6 18. Ng5 Qf6 19. Ne6 g5 20. g3 Re8 21. Nxf4 Rxe1 22. Qxe1 gxf4 23. Qe8+ Kg7 24. Qd7+ Ne7 25. gxf4 Kf7 26. Qg4 Qg7 27. Qxg7+ Kxg7 28. Kg2 Nf5 29. c3 Ne3+ 0-1


[Site "https://www.chess.com"]

[Event "Titled Tuesday Blitz March 22 Late 2022"]
[White "Taboas Rodriguez, Daniel"]
[Black "Gabrielian, Artur"]
[WhiteFideId "2208466"]
[BlackFideId "4131002"]
[WhiteElo "2429"]
[BlackElo "2440"]
[Result "1-0"]
[Round "11"]
[TimeControl "180+1"]
[Date "2022.03.22"]
[WhiteClock "0:03:05"]
[BlackClock "0:00:10"]

1. d4 Nf6 2. Nf3 g6 3. c4 Bg7 4. Nc3 O-O 5. e4 d6 6. Be2 e5 7. dxe5 dxe5 8. Qxd8 Rxd8 9. Bg5 Re8 10. Nd5 Nxd5 11. cxd5 c6 12. Bc4 b5 13. Bb3 Bb7 14. Rc1 a5 15. a3 a4 16. Ba2 1-0


[Site "https://www.chess.com"]

[Event "Titled Tuesday Blitz March 22 Late 2022"]
[White "Thavandiran, Shiyam"]
[Black "Hambleton, Aman"]
[WhiteFideId "2605058"]
[BlackFideId "2606577"]
[WhiteElo "2357"]
[BlackElo "2552"]
[Result "0-1"]
[Round "11"]
[TimeControl "180+1"]
[Date "2022.03.22"]
[WhiteClock "0:00:03"]
[BlackClock "0:00:07"]

1. e4 b6 2. d4 Bb7 3. Nc3 e6 4. Nf3 Bb4 5. Bd3 Nf6 6. Qe2 d5 7. e5 Ne4 8. O-O Nxc3 9. bxc3 Bxc3 10. Rb1 Nc6 11. Be3 h6 12. Rb3 Ba5 13. c3 Qd7 14. Nd2 Ne7 15. f4 h5 16. Nf3 Bc6 17. Ng5 g6 18. Rc1 Kf8 19. Bf2 Kg7 20. Nf3 Ba4 21. Rbb1 Rac8 22. Bh4 Ng8 23. Ba6 Ra8 24. c4 Bc6 25. Bb5 dxc4 26. Bxc6 Qxc6 27. Rxc4 Qd7 28. Qe4 Rb8 29. a4 a6 30. Qc6 Qxc6 31. Rxc6 Rb7 32. Kf2 Kf8 33. Ke3 Ne7 34. Bxe7+ Kxe7 35. Ke4 Rd8 36. h3 Rd5 37. g4 hxg4 38. hxg4 Kd7 39. Rc4 b5 40. Rc2 Bb6 41. axb5 axb5 42. Ng5 Rxd4+ 43. Kf3 Ke7 44. Rh1 Rd3+ 45. Kg2 Rb8 46. Rh7 Rf8 47. Ne4 Rd4 48. Kf3 Rd3+ 49. Kg2 b4 50. Rb2 Rd4 51. Kf3 Rd3+ 52. Kg2 b3 53. Nf6 Bd4 54. Rb1 b2 55. Rh3 Rxh3 56. Kxh3 Ra8 57. g5 Ra1 0-1


[Site "https://www.chess.com"]

[Event "Titled Tuesday Blitz March 22 Late 2022"]
[White "Vasquez Schroeder, Rodrigo"]
[Black "Fedoseev, Vladimir"]
[WhiteFideId "3400042"]
[BlackFideId "24130737"]
[WhiteElo "2561"]
[BlackElo "2726"]
[Result "1-0"]
[Round "11"]
[TimeControl "180+1"]
[Date "2022.03.22"]
[WhiteClock "0:00:17"]
[BlackClock "0:00:04"]

1. e4 c5 2. Nf3 d6 3. d4 cxd4 4. Nxd4 Nf6 5. Nc3 a6 6. Bg5 Nbd7 7. Bc4 Qb6 8. Bb3 e6 9. Bxf6 Nxf6 10. Qd2 Nd7 11. O-O-O Nc5 12. f4 Bd7 13. g4 Be7 14. g5 O-O-O 15. h4 Kb8 16. f5 Rc8 17. Kb1 Qd8 18. Rhg1 g6 19. f6 Bf8 20. h5 gxh5 21. Rh1 h6 22. Rxh5 Rg8 23. gxh6 Qxf6 24. h7 Rh8 25. Qh2 Ka8 26. a3 Be8 27. Qh3 Nd7 28. Nf3 Bg7 29. Rd3 Nc5 30. Re3 Qf4 31. Nd2 Bxc3 32. bxc3 f5 33. Rh4 Qf2 34. Nc4 Nxb3 35. Nb6+ Kb8 36. Nxc8 Nd2+ 37. Kc1 Nc4 38. Rd3 Qg1+ 39. Rd1 Qc5 40. Rd4 Qxa3+ 41. Kd1 Bb5 42. Nxd6 Nxd6 43. Qg3 Ka8 44. Qxd6 Qxc3 45. Qd8+ Rxd8 46. Rxd8+ Ka7 47. h8=Q Qf3+ 48. Kc1 Qa3+ 49. Qb2 Qe3+ 50. Kb1 Qe1+ 51. Qc1 Qxh4 52. Qg1+ 1-0


[Site "https://www.chess.com"]

[Event "Titled Tuesday Blitz March 22 Late 2022"]
[White "Vifleemskaia, Svetlana"]
[Black "Curtis, John"]
[WhiteFideId "4129490"]
[BlackFideId "3200256"]
[WhiteElo "1901"]
[BlackElo "2203"]
[Result "1/2-1/2"]
[Round "11"]
[TimeControl "180+1"]
[Date "2022.03.22"]
[WhiteClock "0:02:05"]
[BlackClock "0:01:43"]

1. d4 Nf6 2. c4 e6 3. Nc3 d5 4. cxd5 exd5 5. Bg5 Be7 6. e3 c6 7. Bd3 Nbd7 8. Nge2 Nf8 9. Qc2 h6 10. Bh4 Ne6 11. O-O O-O 12. f3 c5 13. Bf2 cxd4 14. Nxd4 Nxd4 15. exd4 Be6 16. Rfe1 Rc8 17. Qd2 Bb4 18. Rac1 a6 19. a3 Bd6 20. Na4 Rxc1 21. Rxc1 Qb8 22. g3 Rc8 23. Rxc8+ Bxc8 24. Nc5 Qc7 25. Qc2 Nd7 1/2-1/2


[Site "https://www.chess.com"]

[Event "Titled Tuesday Blitz March 22 Late 2022"]
[White "Villegas, Pierre"]
[Black "Goryachkina, Aleksandra"]
[WhiteFideId "654183"]
[BlackFideId "4147103"]
[WhiteElo "2395"]
[BlackElo "2426"]
[Result "0-1"]
[Round "11"]
[TimeControl "180+1"]
[Date "2022.03.22"]
[WhiteClock "0:00:04"]
[BlackClock "0:00:48"]

1. c4 Nf6 2. Nc3 c5 3. Nf3 Nc6 4. g3 g6 5. Bg2 Bg7 6. O-O O-O 7. d4 cxd4 8. Nxd4 Qa5 9. Nb3 Qh5 10. c5 a5 11. Na4 d6 12. cxd6 Rd8 13. e4 Bg4 14. f3 Be6 15. Bf4 exd6 16. g4 Qb5 17. Nc3 Qb6+ 18. Kh1 a4 19. Nd2 Qxb2 20. Rc1 d5 21. Rc2 Qb4 22. a3 Qxa3 23. Nb5 Qe7 24. Nc7 Rac8 25. Nxd5 Bxd5 26. exd5 Nxd5 27. Re1 Qd7 28. Bg3 a3 29. Ne4 Ncb4 30. Rxc8 Rxc8 31. Nd6 Rd8 32. Qb3 a2 0-1


[Site "https://www.chess.com"]

[Event "Titled Tuesday Blitz March 22 Late 2022"]
[White "Vine, Elzbieta"]
[Black "Cramling Bellon, Anna"]
[WhiteFideId "1119320"]
[BlackFideId "32009232"]
[WhiteElo "1842"]
[BlackElo "1905"]
[Result "0-1"]
[Round "11"]
[TimeControl "180+1"]
[Date "2022.03.22"]
[WhiteClock "0:00:42"]
[BlackClock "0:00:28"]

1. e4 c5 2. Nf3 e6 3. d4 cxd4 4. Nxd4 Nc6 5. Nc3 a6 6. Be3 Qc7 7. f4 Bb4 8. Qd2 Nf6 9. Bd3 Ng4 10. O-O Nxe3 11. Qxe3 Nxd4 12. a3 Bc5 13. Kh1 Nxc2 14. Qg3 Nxa1 15. Qxg7 Rf8 16. Re1 Nb3 17. Nd5 exd5 18. exd5+ Be7 19. f5 Qa5 20. Re2 Qc5 21. h3 f6 22. d6 Qxd6 23. Bc4 Qd1+ 24. Kh2 Qxe2 25. Bxe2 Nd4 26. Bh5+ Kd8 27. Qxh7 d5 28. Qg6 Bxf5 29. Qg3 Kd7 30. Qf4 Bd6 0-1


[Site "https://www.chess.com"]

[Event "Titled Tuesday Blitz March 22 Late 2022"]
[White "Vusatiuk, Vladimir"]
[Black "Celestino, Rafael Teixeira"]
[WhiteFideId "14118610"]
[BlackFideId "2108925"]
[WhiteElo "2157"]
[BlackElo "2323"]
[Result "1-0"]
[Round "11"]
[TimeControl "180+1"]
[Date "2022.03.22"]
[WhiteClock "0:00:11"]
[BlackClock "0:00:33"]

1. d4 Nf6 2. Bg5 h6 3. Bxf6 gxf6 4. e4 d5 5. exd5 Qxd5 6. Nc3 Qa5 7. Nf3 Rg8 8. g3 Bg4 9. Bg2 Qb4 10. Qd2 Nc6 11. O-O-O O-O-O 12. d5 Na5 13. a3 Qb6 14. Qf4 h5 15. h3 f5 16. Kb1 Bh6 17. Qd4 Bxf3 18. Bxf3 h4 19. g4 fxg4 20. Bxg4+ Kb8 21. Qxb6 axb6 22. Rhe1 Bg5 23. f4 Bf6 24. Ne4 Bh8 25. Ng5 Nc4 26. Nxf7 Nxb2 27. Rd2 Rdf8 28. Nxh8 Nc4 29. Rd4 Nxa3+ 30. Kb2 Nb5 31. Rb4 c6 32. dxc6 bxc6 33. Bf3 Rxh8 34. Bxc6 Nd6 35. Rxe7 Nc8 36. Rb7+ Ka8 37. R7xb6+ Ka7 38. Rb7+ Ka8 39. Ra4+ Na7 40. Raxa7# 1-0


[Site "https://www.chess.com"]

[Event "Titled Tuesday Blitz March 22 Late 2022"]
[White "Winkels, Marcel"]
[Black "Sanchez, Robert"]
[WhiteFideId "1003887"]
[BlackFideId "2034360"]
[WhiteElo "1900"]
[BlackElo "2250"]
[Result "0-1"]
[Round "11"]
[TimeControl "180+1"]
[Date "2022.03.22"]
[WhiteClock "0:00:16"]
[BlackClock "0:00:56"]

1. e4 e6 2. d3 c5 3. Nf3 Nc6 4. g3 g6 5. Bg2 Bg7 6. O-O Nge7 7. c3 d6 8. Be3 e5 9. Nh4 f5 10. f4 exf4 11. gxf4 fxe4 12. dxe4 O-O 13. Nf3 b6 14. e5 d5 15. Ng5 h6 16. Nh3 Be6 17. Nf2 Nf5 18. Re1 Nxe3 19. Rxe3 Rxf4 20. Nd3 Rf7 21. Qe2 Qh4 22. c4 Nd4 23. Qd2 Raf8 24. cxd5 Bg4 25. e6 Ne2+ 26. Rxe2 Bd4+ 27. Kh1 Rf1+ 28. Bxf1 Rxf1+ 0-1


[Site "https://www.chess.com"]

[Event "Titled Tuesday Blitz March 22 Late 2022"]
[White "Yoo, Christopher Woojin"]
[Black "Kosteniuk, Alexandra"]
[WhiteFideId "30909694"]
[BlackFideId "4128125"]
[WhiteElo "2105"]
[BlackElo "2469"]
[Result "1-0"]
[Round "11"]
[TimeControl "180+1"]
[Date "2022.03.22"]
[WhiteClock "0:02:33"]
[BlackClock "0:02:23"]

1. d4 Nf6 2. Nf3 d5 3. Bf4 c5 4. e3 Nc6 5. Nbd2 Qb6 6. dxc5 Qxb2 7. Rb1 Qc3 8. Bb5 g6 9. O-O Bg7 10. Nb3 Ne4 11. Qxd5 Nf6 12. Bxc6+ 1-0


[Site "https://www.chess.com"]

[Event "Titled Tuesday Blitz March 22 Late 2022"]
[White "Zanette, Edgard Vinicius"]
[Black "Mirza, Diana"]
[WhiteFideId "2109263"]
[BlackFideId "2503999"]
[WhiteElo "2182"]
[BlackElo "1813"]
[Result "0-1"]
[Round "11"]
[TimeControl "180+1"]
[Date "2022.03.22"]
[WhiteClock "0:00:02"]
[BlackClock "0:00:07"]

1. e4 c5 2. Nc3 e6 3. g3 g6 4. Bg2 Bg7 5. d3 Ne7 6. Be3 Nbc6 7. Bxc5 O-O 8. Be3 d5 9. exd5 exd5 10. d4 Be6 11. Nge2 Nf5 12. O-O Nxe3 13. fxe3 Qg5 14. Nf4 Bg4 15. Qd2 h5 16. h4 Qd8 17. Ncxd5 Rc8 18. c4 Ne7 19. Nxe7+ Qxe7 20. Nd5 Qd6 21. c5 Qxg3 22. Ne7+ Kh7 23. Nxc8 Bxc8 24. Qf2 Qg4 25. Qf4 Qe6 26. d5 Qe7 27. d6 Qe6 28. Rae1 Bh6 29. Qd4 Bg7 30. Qd5 Qg4 31. Rf4 Qg3 32. Re2 Bg4 33. Rxg4 Qxg4 34. Qf3 Qxh4 35. Qxb7 Qg4 36. Qf3 Qe6 37. b4 Be5 38. Qd5 Qg4 39. Rf2 f6 40. d7 Rd8 41. c6 Bc7 42. Qe4 Qg3 43. Qf3 Qh2+ 44. Kf1 Qe5 45. Qxf6 Qxf6 46. Rxf6 Kg7 47. Rf2 g5 48. Bd5 h4 49. Rf7+ Kg6 50. Kg2 g4 51. Re7 h3+ 52. Kh1 g3 53. Bf3 g2+ 0-1


[Site "https://www.chess.com"]

[Event "Titled Tuesday Blitz March 22 Late 2022"]
[White "Zherebtsova, Alexandra"]
[Black "Rosen, Eric"]
[WhiteFideId "24129518"]
[BlackFideId "2032562"]
[WhiteElo "2025"]
[BlackElo "2362"]
[Result "0-1"]
[Round "11"]
[TimeControl "180+1"]
[Date "2022.03.22"]
[WhiteClock "0:01:00"]
[BlackClock "0:00:12"]

1. d4 d5 2. Nf3 Nf6 3. c4 e6 4. e3 Be7 5. Nbd2 O-O 6. b3 c5 7. Bd3 Nc6 8. Bb2 Qc7 9. cxd5 Nxd5 10. Rc1 cxd4 11. Nxd4 Bd7 12. O-O Bf6 13. Bb1 Qd8 14. Ne4 Bxd4 15. Bxd4 Nxd4 16. Qxd4 Bc6 17. Nc5 Qg5 18. f4 Nxf4 19. Qd2 Nxg2 20. Be4 Qxe3+ 21. Qxe3 Nxe3 22. Bxc6 bxc6 23. Rf3 Nd5 24. Nd7 Rfc8 25. Ne5 f6 26. Nxc6 Rc7 27. Rf2 Rac8 28. Rfc2 Kf7 29. Kf2 Ke8 30. Ke2 Kd7 31. Nd4 Rxc2+ 32. Rxc2 Rxc2+ 33. Nxc2 Nc3+ 0-1


[Site "https://www.chess.com"]

[Event "Titled Tuesday Blitz March 22 Late 2022"]
[White "Zhigalko, Sergei"]
[Black "Tregubov, Pavel V."]
[WhiteFideId "13502956"]
[BlackFideId "4115341"]
[WhiteElo "2662"]
[BlackElo "2341"]
[Result "1-0"]
[Round "11"]
[TimeControl "180+1"]
[Date "2022.03.22"]
[WhiteClock "0:00:04"]
[BlackClock "0:00:08"]

1. e4 e6 2. d4 d5 3. e5 c5 4. c3 Nc6 5. Nf3 Qb6 6. a3 Bd7 7. b4 cxd4 8. cxd4 Rc8 9. Be3 Nge7 10. Bd3 Nf5 11. O-O Be7 12. Qe1 Nxe3 13. fxe3 O-O 14. Nc3 f5 15. exf6 Bxf6 16. Kh1 Ne7 17. Rc1 Be8 18. Ne2 Bg6 19. Nf4 Bxd3 20. Nxd3 Qa6 21. Nc5 Qc6 22. a4 b6 23. b5 Qd6 24. Nd3 Rc4 25. Nfe5 Rxa4 26. h3 a6 27. bxa6 Rxa6 28. Ng4 Nf5 29. Nxf6+ Rxf6 30. Rc8+ Rf8 31. Rxf8+ Qxf8 32. Kg1 Qd6 33. Qc3 Ra8 34. Ne5 h6 35. Rc1 Rf8 36. Qd3 Ng3 37. Ng6 Ra8 38. Nf4 Ne4 39. Qc2 Qd7 40. Ng6 Qf7 41. Ne5 Qf6 42. Rf1 Qg5 43. Rf3 Ra1+ 44. Kh2 Ra8 45. Qc6 Qe7 46. Qxa8+ Kh7 47. Qf8 Qxf8 48. Rxf8 1-0


[Site "https://www.chess.com"]

[Event "Titled Tuesday Blitz March 22 Late 2022"]
[White "Zhou, Qiyu"]
[Black "Aydin, Gulenay"]
[WhiteFideId "505161"]
[BlackFideId "34557431"]
[WhiteElo "1925"]
[BlackElo "1429"]
[Result "1/2-1/2"]
[Round "11"]
[TimeControl "180+1"]
[Date "2022.03.22"]
[WhiteClock "0:00:04"]
[BlackClock "0:00:13"]

1. e4 c5 2. Nf3 d6 3. d4 cxd4 4. Nxd4 Nf6 5. Nc3 g6 6. Be3 Bg7 7. f3 a6 8. Qd2 h5 9. O-O-O b5 10. Bd3 Bb7 11. Rhe1 Nbd7 12. Kb1 Rc8 13. Bg5 Ne5 14. h3 Nc4 15. Bxc4 Rxc4 16. Nb3 Nh7 17. Nd5 Nxg5 18. Qxg5 Bxd5 19. exd5 Rc7 20. Nd4 Kf8 21. Nc6 Qe8 22. Re2 Bf6 23. Qe3 Rxc6 24. dxc6 Qxc6 25. g4 Kg7 26. g5 Be5 27. f4 Bf6 28. gxf6+ exf6 29. Qc3 Qd7 30. Red2 Rc8 31. Rxd6 Qf5 32. Qd3 Qxf4 33. a3 Qg5 34. Qd4 Rc4 35. Qd3 a5 36. Rf1 Rf4 37. Rxf4 Qxf4 38. Qd4 Qf1+ 39. Ka2 Qf5 40. Qd5 Qxh3 41. Rd7 Qf1 42. Qxf7+ Kh6 43. Qh7+ Kg5 44. Rd5+ f5 45. Rd6 Qc4+ 46. Kb1 Qf1+ 47. Ka2 Qc4+ 48. Kb1 Qf1+ 49. Ka2 1/2-1/2